 Dungeon Crawl Stone Soup version 0.29.1-15-g9cfb28693d (webtiles) character file.

Game seed: 6129585821428952047

32 MacCMillion the Shield-Bearer (level 3, -1/19 HPs)
             Began as a Vine Stalker Fighter on Feb 27, 2023.
             Slain by Natasha (2 damage)
             ... on level 2 of the Dungeon.
             The game lasted 00:02:03 (990 turns).

MacCMillion the Shield-Bearer (Vine Stalker Fighter) Turns: 990, Time: 00:02:04

Health: -1/19      AC:  6    Str: 26    XL:     3   Next: 27%
Magic:  0/4        EV:  9    Int:  8    God:
Gold:   25         SH:  5    Dex: 13    Spells: 2/2 levels left

rFire   . . .      SeeInvis .   a - +0 rapier
rCold   . . .      Faith    .   c - +0 buckler
rNeg    . . .      Spirit   +   b - +0 scale mail
rPois   .          Reflect  .   (no helmet)
rElec   .          Harm     .   (no cloak)
rCorr   .          Rampage  .   (no gloves)
Will    .....                   (no boots)
Stlth   ..........              (no amulet)
HPRegen 0.06/turn               g - +6 ring of strength
MPRegen 0.09/turn               (no ring)

@: slowed, very slow
A: fangs 2, magic shield, antimagic bite, no potion heal 2
a: no special abilities


You were on level 2 of the Dungeon.
You visited 1 branch of the dungeon, and saw 2 of its levels.

You collected 25 gold pieces.

Inventory:

Hand Weapons
 a - a +0 rapier (weapon)
Missiles
 m - 3 poisoned darts (quivered)
Armour
 b - a +0 scale mail (worn)
 c - a +0 buckler (worn)
Jewellery
 g - a +6 ring of strength (left hand)
Scrolls
 e - a scroll of immolation {unknown}
 h - a scroll of identify {unknown}
 i - a scroll of enchant armour {unknown}
 l - a scroll of amnesia {unknown}
Potions
 d - a potion of might
 f - a potion of invisibility {unknown}
 j - a potion of resistance {unknown}
 k - a potion of brilliance {unknown}


   Skills:
 - Level 2.6 Fighting
 + Level 2.6 Short Blades
 - Level 2.4 Armour
 + Level 3.3 Shields


You had 2 spell levels left.
You didn't know any spells.
Your spell library was empty.

Dungeon Overview and Level Annotations

Branches:
Dungeon (2/15)

Altars:

Annotations:
D:2 Natasha


Innate Abilities, Weirdness & Mutations

You have extremely sharp teeth.
When hurt, damage is shared between your health and your magic reserves.
Your bite disrupts and absorbs the magic of your enemies.
Potions cannot restore your health.


Message History

You hit Natasha but do no damage. You bite Natasha.
Natasha's magic leaks into the air.
You drain her magic.
You feel invigorated.
Natasha is lightly wounded.
Natasha closely misses you. Natasha barely misses you.
You closely miss Natasha. Your bite misses Natasha.
Natasha is lightly wounded.
Natasha closely misses you. Natasha claws you.
You hit Natasha.
Natasha is moderately wounded.
Natasha's magic is no longer disrupted.
You block Natasha's attack.
You barely miss Natasha. Your bite misses Natasha.
Natasha is moderately wounded.
You block Natasha's attack. Natasha claws you but does no damage.
You barely miss Natasha. You bite Natasha, but do no damage.
Natasha is moderately wounded.
Natasha barely misses you. Natasha casts a spell at you.
The magic dart hits you.
You closely miss Natasha.
Natasha is moderately wounded.
Natasha claws you!
You are too injured to fight recklessly!
You hit Natasha.
Natasha is moderately wounded.
Natasha claws you.
* * * LOW HITPOINT WARNING * * *
Natasha claws you.
* * * LOW HITPOINT WARNING * * *
You barely miss Natasha. You bite Natasha.
Natasha's magic leaks into the air.
You drain her magic.
You feel invigorated.
Natasha is heavily wounded.
Natasha falters for a moment.
Natasha misses you.
You barely miss Natasha. You bite Natasha.
Natasha's magic leaks into the air.
You drain her magic.
Natasha is heavily wounded.
Natasha barely misses you.
You hit Natasha. Your bite misses Natasha.
Natasha is almost dead.
Natasha falters for a moment.
Natasha claws you.
You die...

#... .... #....
... #...# .. .
+...+ ##. ####
#.##...###$# ...#
.....<....######
...#
####............#
...#
#..#......@h....#
...#
#....._.........#
...#
##.#.8.8.##.....#
...# #.....#
.....#
...#######.#####
##.###
...........# ..#
#)########## .#
#.######### ###
.# #.........#
#<#


You could see Natasha (magic disrupted).

Vanquished Creatures
  A dart slug (D:1)
  6 ball pythons (D:1)
  A bat (D:1)
  2 endoplasms (D:1)
  A giant cockroach (D:2)
  4 goblins (D:1)
  3 hobgoblins (D:1)
  4 kobolds (D:1)
  A quokka (D:1)
  A frilled lizard (D:1)
  4 rats (D:1)
28 creatures vanquished.

Notes
Turn   | Place    | Note
-------+----------+-------------------------------------------
     0 | D:1      | MacCMillion the Vine Stalker Fighter began the quest for
                  | the Orb.
     0 | D:1      | Reached XP level 1. HP: 11/11 MP: 2/2
   142 | D:1      | Reached XP level 2. HP: 16/16 MP: 3/3
   143 | D:1      | Reached skill level 3 in Shields
   495 | D:1      | Reached XP level 3. HP: 19/19 MP: 4/4
   971 | D:2      | Found a faded altar of an unknown god.
   977 | D:2      | Noticed Natasha
   990 | D:2      | Slain by Natasha

Illustrated notes

Levels and vault maps discovered:
D:1:      roderic_dead_forest, layout_loops_ring, roderic_roman_lattice
D:2:      layout_basic, serial_shops, nicolae_shop_hallway_plus,
          dreamdust_ecumenical_altar_statues, uniq_natasha, uniq_robin

Skill      XL: |  1  2 |
---------------+-------+-----
Short Blades   | 2 |  2.6
Shields        | 3 |  3.3
Fighting       | |  2.6
Armour         | |  2.4

Action                   || total
-------------------------++-------
Melee: Rapier            ||    62
       Bite              ||    15
Armor: Scale mail        ||    14
Dodge: Dodged            ||    18
Block: Buckler           ||     9
